AoeStats
← 瓦兰吉程咬金三板斧

Oasis

510062435Analyzed
4v4 RM · 4d ago on Sep 29, 2026· 24m 16s· 8 players
Game mode
Random Map
Map size
Large (8 player)
Population
200
Speed
Normal
Resources
Standard
Victory
Conquest
Starting age
Dark Age
Ending age
Imperial Age
RankedLock teamsTeams togetherTeam positionsShared explorationLock speedFull tech treeHidden civsTurbo modeCheats
Victory
Defeat
1479
+12
🇳🇱 Mongols · Netherlands
1475
+12
🇩🇪 Ethiopians · Germany
1462
+13
🇹🇼 Saxons · Taiwan
1432
+14
🇯🇵 Ethiopians · Japan
1454
-16
🇯🇵 Mongols · Japan
1390
-13
🇹🇼 Persians · Taiwan
1354
-11
🇩🇪 Tupi · Germany
1345
-11
hermelin*?
2:11 Loom
9:59 Feudal Age
11:30 Double-Bit Axe
13:15 Fletching
14:14 Padded Archer Armor
25:06 Castle Age
23:24 Gold Mining
Dani_AOE2
6:49 Loom
9:10 Feudal Age
10:07 Double-Bit Axe
13:15 Fletching
21:02 Castle Age
21:08 Crossbowman
21:50 Bodkin Arrow
23:36 Ballistics
23:21 Padded Archer Armor
DeepLin
7:04 Loom
9:18 Feudal Age
9:46 Double-Bit Axe
9:42 Horse Collar
17:13 Wheelbarrow
19:53 Castle Age
18:34 Fletching
18:58 Padded Archer Armor
19:33 Bloodlines
20:38 Bodkin Arrow
20:55 Bow Saw
20:37 Gold Mining
21:54 Husbandry
23:33 Ballistics
瓦兰吉程咬金三板斧
8:52 Feudal Age
9:32 Double-Bit Axe
11:04 Loom
11:45 Bloodlines
16:21 Scale Barding Armor
18:13 Forging
24:22 Castle Age
23:42 Horse Collar
ふぁいやー
8:24 Feudal Age
10:53 Loom
12:09 Double-Bit Axe
13:19 Horse Collar
joke1004
8:32 Loom
10:36 Feudal Age
14:33 Castle Age
13:00 Fletching
13:11 Horse Collar
20:06 Padded Archer Armor
22:44 Bodkin Arrow
Odd's
7:20 Loom
9:38 Feudal Age
13:45 Fletching
chengaopeng044
0:42 Loom
11:19 Feudal Age
12:39 Wheelbarrow
11:52 Double-Bit Axe
19:18 Castle Age
18:32 Gold Mining
19:18 Scale Barding Armor
20:43 Forging
22:03 Town Watch
23:19 Bow Saw
23:48 Bloodlines
Connection lost

Rejoining the realm…

Still unreachable

The connection could not be restored.

Session expired

The server has moved on; the page needs a fresh start.